 Dungeon Crawl Stone Soup version 0.27-a0-1191-g601b473118 (webtiles) character file.

Game seed: 16696611500802070838

6748 EldarEldrad the Severer (level 10, -1/121 HPs)
             Began as a Minotaur Berserker on May 24, 2021.
             Was a High Priest of Trog.
             Succumbed to a cane toad's poison
             ... on level 1 of the Lair of Beasts.
             The game lasted 00:31:48 (8634 turns).

EldarEldrad the Severer (Minotaur Berserker)        Turns: 8634, Time: 00:31:49

Health: -1/121     AC: 19    Str: 23    XL:     10   Next: 75%
Magic:  9/9        EV:  8    Int:  4    God:    Trog [*****.]
Gold:   289        SH:  0    Dex: 12    Spells: 9/9 levels left

rFire    . . .     SeeInvis .   a - +0 war axe
rCold    + . .     Faith    .   (no shield)
rNeg     . . .     Spirit   .   c - +0 plate armour
rPois    .         Reflect  .   d - +0 hat
rElec    .         Harm     .   z - +0 cloak
rCorr    .         Rampage  .   f - +0 pair of gloves
Will     +....                  g - +0 pair of boots
Stlth    ..........             e - amulet of regeneration
HPRegen  1.30/turn              y - ring of protection from cold
MPRegen  0.11/turn              L - ring of willpower

@: berserking (expiring), lethally poisoned (-1 -> -29), very quick
A: horns 2, retaliatory headbutt
a: Renounce Religion, Berserk, Trog's Hand, Brothers in Arms


You were on level 1 of the Lair of Beasts.
You worshipped Trog.
Trog was extremely pleased with you.
You visited 3 branches of the dungeon, and saw 12 of its levels.

You collected 513 gold pieces.
You spent 224 gold pieces at shops.

Inventory:

Hand Weapons
 a - a +0 war axe (weapon)
 b - a +4 mace
Armour
 c - a +0 plate armour (worn)
 d - a +0 hat (worn)
 f - a +0 pair of gloves (worn)
 g - a +0 pair of boots (worn)
 z - a +0 cloak (worn)
Jewellery
 e - an amulet of regeneration (around neck)
 y - a ring of protection from cold (left hand)
 C - a ring of ice
 L - a ring of willpower (right hand)
 M - a +4 ring of evasion
Wands
 s - a wand of charming (9)
 v - a wand of polymorph (8)
 F - a wand of flame (21)
 J - a wand of iceblast (8)
Scrolls
 h - 3 scrolls of immolation {unknown}
 k - 2 scrolls of enchant weapon {unknown}
 l - a scroll of silence
 m - a scroll of fear {unknown}
 n - 2 scrolls of enchant armour {unknown}
 q - 2 scrolls of blinking {unknown}
 r - 5 scrolls of teleportation {unknown}
 t - a scroll of torment {unknown}
 x - a scroll of amnesia {unknown}
 A - a scroll of holy word {unknown}
 B - 2 scrolls of vulnerability {unknown}
 E - a scroll of fog
 I - a scroll of magic mapping {unknown}
Potions
 i - 5 potions of haste
 j - 2 potions of might
 o - 4 potions of mutation
 p - a potion of ambrosia
 w - 8 potions of curing
 D - 3 potions of heal wounds
 G - a potion of lignification
 H - a potion of flight
 K - a potion of magic
 N - a potion of cancellation {unknown}


   Skills:
 - Level 5.0 Fighting
 + Level 15.0 Axes
 * Level 11.6 Armour
 - Level 2.1 Dodging


You had 9 spell levels left.
You didn't know any spells.
Your spell library was empty.

Dungeon Overview and Level Annotations

Branches:
Dungeon (10/15)            Temple (1/1) D:4            Lair (1/6) D:10
    Orc (0/2) D:10

Altars:
Ashenzari
Cheibriados
Dithmenos
Elyvilon
Fedhas
Gozag
Hepliaklqana
Kikubaaqudgha
Makhleb
Nemelex Xobeh
Okawaru
Qazlal
Ru
Sif Muna
Trog
Uskayaw
Vehumet
Wu Jian
Xom
Yredelemnul
Zin
The Shining One

Shops:
D:7 !   D:9 =   D:10 (

Portals:
Trove: D:10 (give 9 potions of haste)

Annotations:
D:9 exclusion: obsidian statue


Innate Abilities, Weirdness & Mutations

You have a pair of horns on your head.
You reflexively headbutt those who attack you in melee.


Message History

You hit the cane toad.
The cane toad is lightly wounded.
You hit the wolf.
You kill the wolf!
Trog accepts your kill.
You feel sick.
The cane toad stings you but does no damage.
Your Axes skill increases to level 15!
You barely miss the cane toad.
The cane toad is lightly wounded.
You feel sick. The cane toad stings you!
You are more poisoned.
The cane toad poisons you!
Unknown command.
A red film seems to cover your vision as you go berserk!
You feel yourself moving faster!
You feel mighty!
You feel very sick. The cane toad stings you!
* * * LOW HITPOINT WARNING * * *
You are more poisoned.
The cane toad poisons you!
You slash the cane toad!
The cane toad is heavily wounded.
* * * LOW HITPOINT WARNING * * *
You feel very sick. The cane toad stings you!
* * * LOW HITPOINT WARNING * * *
You are more poisoned.
The cane toad poisons you!
You slice the cane toad!!
You kill the cane toad!
Trog accepts your kill.
* * * LOW HITPOINT WARNING * * *
You feel very sick.
* * * LOW HITPOINT WARNING * * *
You feel extremely sick.
You feel a strong urge to attack something.
* * * LOW HITPOINT WARNING * * *
You feel extremely sick.
You die...

# #.
###.##+###
.........#
........†#
.......@.#
.........#
.........+
.........P
#.######.##
# ##


There were no monsters in sight!

Vanquished Creatures
  A two-headed ogre (D:10)
  A black mamba (D:10)
  A cane toad (Lair:1)
  An efreet (D:9)
  Sigmund (D:4)
  2 wraiths
  A steam dragon (D:6)
  A water moccasin (D:9)
  3 black bears
  2 ice beasts
  8 orc warriors
  4 centaurs
  5 wolves
  2 kobold brigands (D:8)
  2 bullfrogs
  2 scorpions
  A water moccasin zombie (D:6)
  5 killer bees (D:8)
  12 wights
  2 centaur zombies
  5 jellies
  A centaur skeleton (D:4)
  10 orc priests
  5 hounds
  An iguana (D:6)
  14 orc wizards
  A hound zombie (D:4)
  2 howler monkey zombies
  Robin (D:2)
  5 adders
  11 gnolls
  A shadow imp (D:7)
  2 ufetubi
  An adder skeleton (D:4)
  A dart slug (D:1)
  3 worms
  48 orcs
  4 ball pythons
  6 bats
  5 endoplasms
  3 giant cockroaches
  15 goblins
  4 hobgoblins
  11 jackals
  10 kobolds
  2 quokkas
  4 frilled lizards
  3 rats
236 creatures vanquished.

Vanquished Creatures (others)
  6 fungi (D:10)
  7 plants
13 creatures vanquished.

Grand Total: 249 creatures vanquished

Notes
Turn   | Place    | Note
-------+----------+-------------------------------------------
     0 | D:1      | EldarEldrad the Minotaur Berserker began the quest for the
                  | Orb.
     0 | D:1      | Reached XP level 1. HP: 19/19 MP: 0/0
   270 | D:1      | Reached skill level 4 in Axes
   270 | D:1      | Reached XP level 2. HP: 27/27 MP: 1/1
  1000 | D:2      | Reached XP level 3. HP: 30/33 MP: 2/2
  1139 | D:2      | Noticed Robin
  1147 | D:2      | Reached ** piety under Trog
  1152 | D:2      | Killed Robin
  1167 | D:2      | Reached skill level 5 in Axes
  1460 | D:2      | Reached XP level 4. HP: 41/41 MP: 3/3
  1839 | D:2      | Found a faded altar of an unknown god.
  2178 | D:3      | Reached skill level 5 in Fighting
  2178 | D:3      | Reached skill level 6 in Axes
  2178 | D:3      | Reached XP level 5. HP: 48/48 MP: 4/4
  2183 | D:3      | You fall into a shaft and drop 3 floors!
  2183 | D:6      | Noticed a black bear
  2188 | D:5      | Entered Level 5 of the Dungeon
  2188 | D:5      | Noticed a wraith
  2200 | D:5      | Killed a wraith
  2201 | D:5      | Reached skill level 7 in Axes
  2201 | D:5      | Reached XP level 6. HP: 56/56 MP: 5/5
  2251 | D:5      | Reached skill level 8 in Axes
  2454 | D:4      | Reached skill level 9 in Axes
  2454 | D:4      | Reached XP level 7. HP: 45/61 MP: 6/6
  2503 | D:4      | Found a staircase to the Ecumenical Temple.
  2523 | D:4      | Reached *** piety under Trog
  2551 | Temple   | Entered the Ecumenical Temple
  3578 | D:4      | Reached skill level 10 in Axes
  3895 | D:4      | Noticed Sigmund
  3905 | D:4      | Killed Sigmund
  4316 | D:5      | Reached XP level 8. HP: 65/68 MP: 7/7
  4327 | D:5      | Reached skill level 11 in Axes
  4756 | D:5      | Reached **** piety under Trog
  5207 | D:6      | Reached skill level 12 in Axes
  5296 | D:6      | Reached skill level 5 in Armour
  5705 | D:7      | Found Gurekhlyo's Distillery.
  5755 | D:6      | Reached XP level 9. HP: 52/74 MP: 8/8
  5798 | D:7      | Bought a potion of curing for 48 gold pieces
  5798 | D:7      | Bought a potion of heal wounds for 80 gold pieces
  5798 | D:7      | Bought a potion of lignification for 48 gold pieces
  5798 | D:7      | Bought a potion of flight for 48 gold pieces
  5903 | D:7      | Reached skill level 13 in Axes
  6238 | D:8      | Reached ***** piety under Trog
  6537 | D:8      | Reached skill level 14 in Axes
  6863 | D:9      | Noticed an obsidian statue
  7068 | D:10     | Entered Level 10 of the Dungeon
  7125 | D:10     | Noticed a two-headed ogre
  7148 | D:10     | Killed a two-headed ogre
  7149 | D:10     | Reached XP level 10. HP: 81/81 MP: 9/9
  7331 | D:9      | Found Diet's Jewellery Shoppe.
  7541 | D:9      | Identified the +4 scale mail of the Gloaming {Int+3}
  7902 | D:10     | Reached skill level 10 in Armour
  8142 | D:10     | Found a hazy altar of Hepliaklqana.
  8215 | D:10     | Found Gulazxiwk's Weapon Emporium.
  8380 | D:10     | Found a staircase to the Lair.
  8427 | D:10     | Found a portal to a secret trove of treasure.
  8540 | D:10     | Found a staircase to the Orcish Mines.
  8588 | Lair:1   | Entered Level 1 of the Lair of Beasts
  8588 | Lair:1   | Noticed a cane toad
  8588 | Lair:1   | Noticed a black mamba
  8601 | D:10     | Killed a black mamba
  8628 | Lair:1   | Reached skill level 15 in Axes
  8631 | Lair:1   | Killed a cane toad
  8633 | Lair:1   | HP: 5/121 [poisoned by a cane toad]
  8634 | Lair:1   | Succumbed to a cane toad's poison

Illustrated notes

Levels and vault maps discovered:
D:1:      dpeg_arrival_lava_altar, layout_basic
D:2:      layout_basic, hellmonk_ecumenical_altar_heavens_door, uniq_robin
D:3:      layout_loops_ring, kennysheep_flooded_box, kennysheep_cluttered_room,
          roderic_lattice_a, hangedman_decor_points, dk_noncrumbling_2
D:4:      layout_basic, minmay_temple_entry_sparse_star, uniq_sigmund
D:5:      layout_basic, enter_ossuary_3, guppyfry_early_lair_pool
D:6:      layout_basic, minmay_crystal_room, eino_tiny_chamber
D:7:      layout_gridville, serial_shops,
          nicolae_shop_temple_entry_statues_fountains, nrook_campfire
D:8:      layout_rooms
D:9:      layout_basic, serial_shops, nicolae_shop_statue_plus,
          minmay_protected_statue
D:10:     layout_loops_ring, nicolae_hepliaklqana_hippocampus,
          grunt_lair_entry_orc_guard_hut, serial_shops, shop, enter_trove_0
Temple:   grunt_wide_crystal_templ
Lair:1:   layout_roguey, lemuel_fruit_tree, minmay_lair_oklob_chamber

Skill      XL: |  1  2  3  4  5  6  7  8  9 10 |
---------------+-------------------------------+-----
Fighting       | 4 5 |  5.0
Axes           | 4 5 6 7 9 10 12 14 15 | 15.0
Armour         | 5 9 11 | 11.6
Dodging        | |  2.1

Action                   |  1- 3 |  4- 6 |  7- 9 | 10-12 || total
-------------------------+-------+-------+-------+-------++-------
Melee: Hand axe          |    72 |    76 |   307 |       ||   455
       Headbutt          |    12 |    15 |    86 |    22 ||   135
       War axe           |       |       |   116 |   102 ||   218
Invok: Berserk           |       |     1 |     5 |     2 ||     8
       Trog's Hand       |       |       |     5 |     1 ||     6
       Brothers in Arms  |       |       |     1 |       ||     1
  Use: Scroll            |       |       |     5 |     2 ||     7
       Potion            |       |       |     1 |       ||     1
Armor: Animal skin       |    14 |       |       |       ||    14
       Leather armour    |     2 |    14 |     5 |       ||    21
       Ring mail         |       |       |   171 |       ||   171
       Scale mail        |       |       |     3 |    31 ||    34
       Plate armour      |       |       |       |    33 ||    33
Dodge: Dodged            |    35 |    36 |   209 |    55 ||   335

Table legend: (Time is in decaauts)
 A = Elapsed time spent in this place.
 B = Non-inter-level travel time spent in this place.
 C = Inter-level travel time spent in this place.
 D = Time resting spent in this place.
 E = Time spent auto-exploring this place.
 F = Levels seen in this place.
 G = Mean time per level.
                   A        B        C        D        E       F      G
               +--------+--------+--------+--------+--------+-----+--------+
         Total |   8594 |   8050 |    544 |    789 |   5398 |  12 |  716.2 |
       Dungeon |   8507 |   7978 |    529 |    789 |   5343 |  10 |  850.7 |
        Temple |     71 |     56 |     15 |      0 |     55 |   1 |   71.0 |
          Lair |     15 |     15 |      0 |      0 |      0 |   1 |   15.0 |
               +--------+--------+--------+--------+--------+-----+--------+

Top non-repeatable levels by time:
     D:2: 1194 daAuts
     D:9: 1003 daAuts
     D:5: 994 daAuts
     D:1: 975 daAuts
     D:4: 971 daAuts
    D:10: 910 daAuts
     D:3: 849 daAuts
     D:6: 640 daAuts
     D:8: 556 daAuts
     D:7: 410 daAuts
  Temple: 71 daAuts
  Lair:1: 15 daAuts
